 Dungeon Crawl Stone Soup version 0.21-a0-442-g848f44b (webtiles) character file.

16 slep the Ducker (level 2, -4/19 HPs)
             Began as a Barachi Wanderer on Nov 16, 2017.
             Slain by a gnoll
             ... wielding a +0 spear
              (7 damage)
             ... on level 1 of the Dungeon.
             The game lasted 00:01:19 (317 turns).

slep the Ducker (Barachi Wanderer)                   Turns: 317, Time: 00:01:20

Health: -4/19      AC:  7    Str: 11    XL:     2   Next: 58%
Magic:  2/2        EV: 10    Int: 11    God:
Gold:   14         SH:  0    Dex: 14    Spells: 1/1 levels left

rFire    . . .     SeeInvis .   a - +2 dagger
rCold    . . .     Gourm    .   (no shield)
rNeg     . . .     Faith    .   g - +0 scale mail
rPois    .         Spirit   .   l - +0 helmet
rElec    .         Reflect  .   (no cloak)
rCorr    .         Harm     .   (no gloves)
MR       .....                  (no boots)
Stlth    +.........             (no amulet)
HPRegen  0.06/turn              (no ring)
MPRegen  0.08/turn              (no ring)

@: slow
A: +LOS, swims, slowness 1, strong legs 1
a: Hop


You were on level 1 of the Dungeon.
You were not hungry.

You visited 1 branch of the dungeon, and saw 1 of its levels.

You collected 14 gold pieces.

Inventory:

Hand Weapons
 a - a +2 dagger (weapon)
 c - a +0 short sword
Armour
 e - a +0 robe
 g - a +0 scale mail (worn)
 l - a +0 helmet (worn)
Scrolls
 h - a scroll of remove curse {unknown}
 k - a scroll of teleportation {unknown}
Potions
 b - a potion of heal wounds
 d - 3 potions of curing
 i - 2 potions of agility {unknown}
Comestibles
 f - a bread ration
 j - 2 meat rations


   Skills:
 + Level 1.1 Short Blades
 + Level 1.0 Throwing
 + Level 0.2 Armour
 + Level 4.5 Dodging
 + Level 4.2 Stealth


You had one spell level left.
You didn't know any spells.

Dungeon Overview and Level Annotations

Branches:
Dungeon (1/15)

Altars:


Innate Abilities, Weirdness & Mutations

Shadows flee at your approach. (+LOS)
You can swim through water.
You cover ground slowly.
You can hop short distances.


Message History

The gnoll closely misses you.
You hit the gnoll.
The gnoll is heavily wounded.
The gnoll hits you with a spear.
You closely miss the gnoll.
The gnoll is heavily wounded.
The gnoll hits you with a spear.
You hit the gnoll but do no damage.
The gnoll is heavily wounded.
You barely miss the gnoll.
The gnoll is heavily wounded.
The gnoll hits you but does no damage.
You hit the gnoll.
The gnoll is severely wounded.
The gnoll hits you with a spear.
* * * LOW HITPOINT WARNING * * *
You hit the gnoll but do no damage.
The gnoll is severely wounded.
The gnoll hits you with a spear!
You die...

.# #.....# .. ## #.....#
##.# #.....# ... #.....#
#.. #.....## ..
####(.)...# #.## .#
..........# #..# .####
####..†...# #.g##....###
.#.'......# #.@........
.#.#......# ##.##....##
.#.#......# #..#....#
##.#......# ##.#....#
...#......#######......#
####................######
#......########.>...).#
####.### #.#####.# #.# #.#


You could see a gnoll.

Vanquished Creatures
  An ooze (D:1)
  A dart slug (D:1)
  3 goblins (D:1)
  2 kobolds (D:1)
  3 frilled lizards (D:1)
  A rat (D:1)
11 creatures vanquished.

Notes
Turn   | Place    | Note
-------+----------+-------------------------------------------
     0 | D:1      | slep the Barachi Wanderer began the quest for the Orb.
     0 | D:1      | slep set off with: a +2 dagger, a potion of heal wounds, a +0 short sword, a potion of curing, a +0 robe, a bread ration
     0 | D:1      | Reached XP level 1. HP: 13/13 MP: 1/1
   173 | D:1      | Reached XP level 2. HP: 18/19 MP: 2/2
   317 | D:1      | Slain by a gnoll

Vault maps used:
D:1:      tarquinn_simple_flora_water_f

Skill      XL: |  1 |
---------------+----+-----
Stealth        | 4 |  4.2
Short Blades   | |  1.1
Throwing       | |  1.0
Armour         | |  0.2
Dodging        | |  4.5

Action                   || total
-------------------------++-------
Melee: Dagger            ||    39
Armor: Scale mail        ||    16
Dodge: Dodged            ||    12

Table legend:
 A = Spawn XP
 B = Non-spawn XP
 C = Spawn XP percentage of total XP
 D = Spawn monster count
 E = Non-spawn monster count
 F = Spawn count percentage of total count
 G = Total turns spent on level
                    A         B        C        D         E        F      G
               +---------+---------+-------+---------+---------+-------+---------
         Total |       0 |      24 |   0.0 |       0 |      11 |   0.0 |   317
               +---------+---------+-------+---------+---------+-------+---------
           D:1 |       0 |      24 |   0.0 |       0 |      11 |   0.0 |   317
               +---------+---------+-------+---------+---------+-------+---------
